[Event "*** Titled Tuesday Blitz"]
[Site "Chess.com"]
[Date "2018.04.03"]
[Round "5"]
[White "LawrenceTrent"]
[Black "ckgchess"]
[Result "1-0"]
[WhiteElo "2538"]
[BlackElo "2510"]
[TimeControl "180+2"]
[EndTime "14:06:47 PDT"]
[Termination "LawrenceTrent won by resignation"]

1. d4 Nf6 2. Bg5 d5 3. e3 g6 4. Bxf6 exf6 5. g3 Bg7 6. Bg2 O-O 7. Ne2 f5 8. O-O h5 9. Nd2 h4 10. c4 dxc4 11. Nxc4 c6 12. Nc3 Be6 13. Qe2 Na6 14.
Rfd1 Nc7 15. Na5 Rb8 16. b4 a6 17. Rac1 Re8 18. Na4 Bd5 19. Nc5 Bxg2 20. Kxg2 b6 21. Nxc6 Qd5+ 22. Kg1 bxc5 23. Nxb8 Rxb8 24. dxc5 Qe4 25.
Rc4 Qa8 26. Rxh4 Ne6 27. a3 Rc8 28. Rf1 Ng5 29. f3 Re8 30. Rc4 Qc6 31. h4 Ne6 32.
Rd1 Bh6 33. Rd6 Qc7 34. f4 Nd8 35. Qf3 Bf8 36. Rxa6 Qd7 37. Rd4 Qb5 38. Qf1 Qb8 39. Kf2 Ne6 40. Rd7 Qc8 41. Raa7 Nd8 42. Qc4 Re6 43.
Qd5 Nc6 44. Rac7 Qe8 45. Rxc6 Rxe3 46. Rxg6+ Kh8 47. Qd4+ Kh7 48. Qxe3 1-0

[Event "*** Titled Tuesday Blitz"]
[Site "Chess.com"]
[Date "2018.04.03"]
[Round "5"]
[White "TST2014"]
[Black "volodja49"]
[Result "1-0"]
[WhiteElo "2327"]
[BlackElo "2400"]
[TimeControl "180+2"]
[EndTime "14:06:49 PDT"]
[Termination "TST2014 won by resignation"]

1. d4 d5 2. c4 e6 3. Nf3 Nf6 4. Nc3 Nbd7 5. e3 a6 6. c5 c6 7. b4 Qc7 8. a4 e5 9. dxe5 Nxe5 10. Nxe5 Qxe5 11. Qd4 Qe7 12. Bb2 a5 13. Rc1 axb4 14.
Qxb4 Qc7 15. Bd3 Be7 16. h3 O-O 17. O-O h6 18. Ne2 Qa5 19. Qc3 Qxc3 20. Bxc3 Rxa4 21. Bd4 Nd7 22. Rc3 Ra5 23. Rfc1 b6 24. cxb6 c5 25.
R3c2 Bb7 26. Bc3 Ra3 27. Rb2 Rfa8 28. Bf5 Nf6 29. Rbb1 Ra2 30. Nf4 Ne4 31. Bxe4 dxe4 32. Be5 Rd2 33. Ra1 Raa2 34. Rxa2 Rxa2 35. Rd1 Bc6 36.
Bd6 Bf6 37. Bxc5 Rb2 38. Nd5 Bd8 39. Nc7 Bf6 40. g4 g5 41. Kg2 Kg7 42. Nd5 Be5 43. Nb4 Rb3 44. Nxc6 1-0

[Event "*** Titled Tuesday Blitz"]
[Site "Chess.com"]
[Date "2018.04.03"]
[Round "5"]
[White "Firouzja2003"]
[Black "Margency"]
[Result "1-0"]
[WhiteElo "2750"]
[BlackElo "2588"]
[TimeControl "180+2"]
[EndTime "14:06:52 PDT"]
[Termination "Firouzja2003 won by resignation"]

1. d4 Nf6 2. c4 g6 3. Nc3 d5 4. Nf3 Bg7 5. Bg5 Ne4 6. cxd5 Nxg5 7. Nxg5 e6 8. Qd2 h6 9. Nf3 exd5 10. e3 O-O 11. Be2 Re8 12. O-O c6 13. b4 Bf5 14.
b5 Nd7 15. bxc6 bxc6 16. Rac1 Rc8 17. Na4 Bf8 18. Ba6 Rc7 19. Bd3 Be4 20. Ne1 Bd6 21. Bxe4 dxe4 22. Qe2 c5 23. Nc2 cxd4 24. Nxd4 Ne5 25.
Rxc7 Bxc7 26. Nc3 Qh4 27. g3 Qh3 28. Nxe4 Kg7 29. Nb5 Bb6 30. Qb2 f6 31. Nd2 Ng4 32.
Nf3 Rxe3 33. Nbd4 Re7 34. Rd1 h5 35. Qb4 Re4 36. Qc3 Bxd4 37. Rxd4 Nxh2 38. Rxe4 Nxf3+ 39. Qxf3 Qd7 40. Qe2 Kf7 41. Qc4+ Kg7 42. Qe6 Qd1+ 43. Re1 h4 44. Rxd1 1-0

[Event "*** Titled Tuesday Blitz"]
[Site "Chess.com"]
[Date "2018.04.03"]
[Round "5"]
[White "Vice64"]
[Black "WinnerOleg"]
[Result "1-0"]
[WhiteElo "2371"]
[BlackElo "2340"]
[TimeControl "180+2"]
[EndTime "14:06:52 PDT"]
[Termination "Vice64 won on time"]

1. e4 e6 2. d4 d5 3. Nc3 Nf6 4. Bg5 Be7 5. e5 Nfd7 6. Bxe7 Qxe7 7. f4 a6 8. Nf3 c5 9. Qd2 Nc6 10. dxc5 Qxc5 11. Bd3 b5 12. a3 Nb6 13. b4 Qe7 14. Ne2 Nc4 15. Qc1 a5 16. c3 O-O 17. Bxc4 dxc4 18.
O-O Bb7 19. Ned4 Nxd4 20. Nxd4 axb4 21. axb4 Qd7 22. Qc2 Qd5 23. Rfd1 Rxa1 24. Rxa1 f6 25. Re1 f5 26. Rd1 Rd8 27. Rd2 Qe4 28. Qxe4 Bxe4 29. Ra2 Kf7 30. Kf2 h6 31. h4 g5 32. Ra7+ Kg6 33.
hxg5 hxg5 34. Re7 gxf4 35. Rxe6+ Kg5 36. Rd6 Re8 37. e6 Kf6 38. Nxb5 Rxe6 39. Rxe6+ Kxe6 40. Nd4+ Ke5 41. b5 Bb7 42. b6 Kd6 43. Nxf5+ Kc5 44.
Nd4 Kxb6 45. Ne6 Ka5 46. Nxf4 Ka4 47. g4 Kb3 48. Ne2 Kc2 49. Ke3 Bc8 50. g5 Be6 51. Kd4 Bg4 52. Nf4 1-0

[Event "*** Titled Tuesday Blitz"]
[Site "Chess.com"]
[Date "2018.04.03"]
[Round "5"]
[White "2Tilted"]
[Black "Vadim_Biliy"]
[Result "0-1"]
[WhiteElo "2255"]
[BlackElo "2127"]
[TimeControl "180+2"]
[EndTime "14:07:06 PDT"]
[Termination "Vadim_Biliy won by resignation"]

1. d4 d5 2. c4 e6 3. Nf3 Nf6 4. g3 Be7 5. Bg2 O-O 6. O-O a6 7. Qc2 Nc6 8. Rd1 Nb4 9. Qb3 dxc4 10. Qxc4 Nbd5 11. a4 b5 12. Qc6 Bd7 13. Qc2 bxa4 14. Nc3 Nxc3 15. bxc3 Bc6 16. Ne5 Bxg2 17. Kxg2 c5 18.
Qxa4 Qd5+ 19. f3 cxd4 20. cxd4 Qb5 21. Ra2 Nd5 22. Qxb5 axb5 23. Rxa8 Rxa8 24. e4 Nc3 25. Rd2 b4 26. Bb2 f6 27. Nc6 Bf8 28. Rc2 Nd1 29.
Rd2 Ra2 30. Rxd1 Rxb2+ 31. Kh3 b3 32. Na5 Bb4 33. Nc4 Rc2 34. Nb6 b2 35. Rb1 Bc3 36. Na4 Bxd4 37. Rd1 e5 38. Rb1 Rc1 39. Rxb2 Bxb2 40.
Nxb2 Rc3 41. Nd1 Rb3 42. Nf2 h5 43. Kg2 Kf7 44. h4 g5 45. hxg5 fxg5 46. Nd1 Rd3 47. Nf2 Rd2 48. Kf1 Kg6 49. Ke1 Ra2 50. Kf1 h4 51. gxh4 gxh4 52. Ng4 Kg5 53. Nxe5 Kf4 54.
Nd3+ Kxf3 55. e5 h3 56. Kg1 h2+ 57. Kh1 Kg3 0-1

[Event "*** Titled Tuesday Blitz"]
[Site "Chess.com"]
[Date "2018.04.03"]
[Round "5"]
[White "GMKrikor"]
[Black "simplerXiao"]
[Result "1-0"]
[WhiteElo "2648"]
[BlackElo "2444"]
[TimeControl "180+2"]
[EndTime "14:07:10 PDT"]
[Termination "GMKrikor won by checkmate"]

1. e4 c5 2. Nf3 e6 3. d4 cxd4 4. Nxd4 Nc6 5. Nc3 Qc7 6. f4 Nxd4 7. Qxd4 a6 8. Be3 b5 9. Bd3 Ne7 10. O-O Nc6 11. Qb6 Qxb6 12. Bxb6 Rb8 13. Be3 Nb4 14. Rfc1 Bb7 15. Be2 Nc6 16. a4 b4 17. Nd1 g5 18.
fxg5 Rg8 19. Nf2 Rc8 20. Ng4 Bg7 21. c3 bxc3 22. Rxc3 Bxc3 23. bxc3 Rg6 24. Rb1 Na5 25. Bf3 Rxc3 26. h4 f5 27. Ne5 Rxe3 28. exf5 Bxf3 29. fxg6 hxg6 30. Nxf3 Re4 31. Rb6 Rxa4 32. Rxa6 Ra3 33. Ra8+ Ke7 34. Ne5 Ra1+ 35. Kh2 Nb3 36. Nxg6+ Kf7 37. Ne5+ Ke7 38. Rg8 Re1 39. Rg7+ Kf8 40.
Rxd7 Rxe5 41. Kh3 Nc5 42. Rc7 Nd3 43. g3 Re4 44. h5 Ne5 45. g6 Kg8 46. Re7 Nf3 47.
h6 Ng5+ 48. Kg2 Re2+ 49. Kf1 Re3 50. Re8# 1-0

[Event "*** Titled Tuesday Blitz"]
[Site "Chess.com"]
[Date "2018.04.03"]
[Round "5"]
[White "Ravan_02"]
[Black "SamCopeland"]
[Result "1-0"]
[WhiteElo "2462"]
[BlackElo "2019"]
[TimeControl "180+2"]
[EndTime "14:07:10 PDT"]
[Termination "Ravan_02 won by resignation"]

1. Nf3 f5 2. g3 Nf6 3. Bg2 g6 4. O-O Bg7 5. c4 O-O 6. Nc3 d6 7. d4 Qe8 8. b3 a5 9. Bb2 Na6 10. Rc1 Bd7 11. Nd2 c6 12. e4 fxe4 13. Ndxe4 Nxe4 14. Nxe4 Nc7 15. Re1 Qf7 16. f4 h6 17.
Kh1 a4 18. Qd2 axb3 19. axb3 Ra2 20. Ra1 Rfa8 21. Rxa2 Rxa2 22. Ra1 Rxa1+ 23. Bxa1 c5 24. Bc3 cxd4 25. Bxd4 Bc6 26. Bxg7 Qxg7 27. Nc3 Bxg2+ 28. Kxg2 Kh7 29. Qe3 Qf6 30. b4 Ne6 31. c5 dxc5 32. bxc5 Qf5 33. Ne4 Qd5 34. Kf2 Qd4 35. Qxd4 Nxd4 36.
Ke3 Ne6 37. Kd3 Kg7 38. Kc4 g5 39. f5 Nc7 40. g4 e6 41. Nd6 exf5 42. Nxf5+ Kf6 43.
Nxh6 Ke5 44. Nf7+ Kf4 45. h3 Kg3 46. Nxg5 Kh4 47. Nf7 Kxh3 48. g5 Kg4 49. g6 Ne6 50.
Nd8 Ng7 51. Nxb7 Kf5 52. c6 Ne8 53. g7 Nxg7 54. c7 Ne8 55. c8=Q+ Kf4 56. Qxe8 1-0

[Event "*** Titled Tuesday Blitz"]
[Site "Chess.com"]
[Date "2018.04.03"]
[Round "5"]
[White "Rodalquilar"]
[Black "Al_Shima"]
[Result "1-0"]
[WhiteElo "2430"]
[BlackElo "2271"]
[TimeControl "180+2"]
[EndTime "14:07:10 PDT"]
[Termination "Rodalquilar won by resignation"]

1. d4 Nf6 2. c4 Nc6 3. Nf3 d6 4. g3 e5 5. Bg2 Be7 6. O-O O-O 7. b3 Bg4 8. dxe5 dxe5 9. Bb2 e4 10. Nfd2 e3 11. fxe3 Bc5 12. Rxf6 gxf6 13. Qf1 Bxe3+ 14.
Kh1 Bxd2 15. Nxd2 Ne5 16. Ne4 f5 17. Bxe5 fxe4 18. Qf4 f5 19. Bxe4 Qe7 20. Bd5+ Rf7 21. Rf1 Bxe2 22. Bxf7+ Qxf7 23. Qg5+ Qg6 24. Rxf5 Bd3 25.
Qxg6+ hxg6 26. Rf4 c6 27. Rd4 Bb1 28. a4 Re8 29. Bf4 Re7 30. b4 a6 31. Kg1 Kf7 32. Rd6 Bc2 33. a5 Bb3 34. Rd4 Bc2 35. Kf2 Bf5 36. Bd6 Rd7 37. Ke3 Ke6 38. c5 Rh7 39. g4 Bc2 40. Rd2 Bb3 41. Kf4 Bd5 42. Kg5 Be4 43. h4 Rf7 44. Re2 Kd5 45. Rxe4 Kxe4 46. Kxg6 Rf1 47. h5 Rg1 48. g5 Kd5 49. h6 Ke6 50. h7 Rh1 51. Kg7 Kf5 52. Be7 Rh2 53.
h8=Q Rxh8 54. Kxh8 Kg6 55. Kg8 Kf5 56. Kf7 1-0

[Event "*** Titled Tuesday Blitz"]
[Site "Chess.com"]
[Date "2018.04.03"]
[Round "5"]
[White "Noukii"]
[Black "lucasran"]
[Result "1-0"]
[WhiteElo "2611"]
[BlackElo "2403"]
[TimeControl "180+2"]
[EndTime "14:07:12 PDT"]
[Termination "Noukii won on time"]

1. d4 Nf6 2. Nf3 e6 3. Bg5 Be7 4. Nbd2 c5 5. e3 b6 6. Bd3 Bb7 7. O-O O-O 8. Re1 d6 9. c3 cxd4 10. exd4 Nbd7 11. a4 a6 12. Bh4 Ra7 13. Qc2 Re8 14. h3 Qa8 15. Bg3 Rc8 16. Rac1 Bc6 17. b4 b5 18. a5 Bd5 19. Bf1 Rac7 20. Qd3 Qb7 21. Nh2 Bf8 22. Ng4 Nxg4 23. hxg4 Rc6 24. Rc2 Qc7 25. Rec1 g6 26. g5 Be7 27. Bf4 Qb7 28.
f3 Bf8 29. Ne4 Bc4 30. Qd2 Bxf1 31. Kxf1 Qc7 32. d5 exd5 33. Qxd5 Qd8 34. c4 bxc4 35.
Rxc4 Rxc4 36. Rxc4 Rxc4 37. Qxc4 Ne5 38. Qxa6 Qc7 39. Qe2 Qb7 40. b5 Qa7 41. a6 Qb6 42. Be3 Qc7 43. b6 Qc6 44. b7 Qc7 45. Qb5 Nc6 46.
Nf6+ Kh8 47. Nd5 Qd7 48. a7 Qf5 49. a8=Q 1-0

[Event "*** Titled Tuesday Blitz"]
[Site "Chess.com"]
[Date "2018.04.03"]
[Round "5"]
[White "spidernv"]
[Black "FMAntonio"]
[Result "0-1"]
[WhiteElo "2337"]
[BlackElo "2382"]
[TimeControl "180+2"]
[EndTime "14:07:14 PDT"]
[Termination "FMAntonio won by resignation"]

1. e4 e6 2. d4 d5 3. exd5 exd5 4. c3 Nf6 5. Nf3 Bd6 6. Bd3 O-O 7. O-O Bg4 8. Bg5 h6 9. Bh4 Nbd7 10. Nbd2 c6 11.
Qe1 Re8 12. Qb1 Qc7 13. Re1 Nh5 14. Bg3 Nxg3 15. hxg3 Nf6 16. Qc2 b6 17. Nf1 c5 18.
dxc5 bxc5 19. Ne3 Be6 20. Bf5 Bf8 21. Rad1 Rad8 22. Bxe6 Rxe6 23. Nf5 Rde8 24. Rxe6 Rxe6 25. Ne3 Qb7 26. Qb3 Rb6 27. Qa3 Rb5 28. b3 d4 29. Nc4 dxc3 30. Qc1 Ne4 31. Qc2 Qe7 32. Re1 f5 33. g4 Qf6 34. gxf5 Nd6 35. Re6 Qxf5 36. Qxf5 Nxf5 37. Ne1 Rb8 38. Kf1 Rd8 39. g4 Rd1 40. Ke2 Nd4+ 41. Kxd1 Nxe6 42. Kc2 g6 43. Kxc3 h5 44. f3 h4 45. Nd3 Bg7+ 46.
Kd2 Bd4 47. Ne3 h3 48. Nf2 h2 49. Nh1 Nf4 50. Nf1 Bg1 51. a3 Kf7 52. Nfg3 Ke6 53. Ne4 Kd5 54. Kc3 Ne2+ 55. Kd3 Nd4 56. Nc3+ Ke5 57. Ne2 Nxf3 58. Kc4 Nd2+ 59. Kc3 Ne4+ 60.
Kd3 g5 61. Neg3 Nf6 62. Ne4 Nxe4 0-1

[Event "*** Titled Tuesday Blitz"]
[Site "Chess.com"]
[Date "2018.04.03"]
[Round "5"]
[White "Zkid"]
[Black "Parhamov"]
[Result "0-1"]
[WhiteElo "2648"]
[BlackElo "2820"]
[TimeControl "180+2"]
[EndTime "14:07:32 PDT"]
[Termination "Parhamov won by resignation"]

1. e4 e5 2. Nf3 Nc6 3. Bb5 a6 4.
Bxc6 dxc6 5. O-O Bd6 6. d4 exd4 7. Qxd4 f6 8. Nbd2 Be6 9. Rd1 Qe7 10. Nf1 Qf7 11. Ng3 Ne7 12. e5 fxe5 13. Nxe5 Qf6 14. Nc4 Qxd4 15. Rxd4 Bc5 16. Re4 Bd5 17. Rg4 h5 18.
Rg5 h4 19. Nh5 O-O-O 20. Be3 Bxe3 21. Nxe3 g6 22. Nf4 Bf7 23. Re1 Rhe8 24. Re5 Ng8 25. Rxe8 Rxe8 26. f3 Nf6 27. Kf2 b5 28. a3 a5 29. Ng4 Nxg4+ 30. fxg4 Rd8 31. Re7 Ba2 32. Ke3 Bb1 33. c3 Rd1 34. Ne6 Re1+ 35. Kd2 Rg1 36. Rxc7+ Kb8 37. Rxc6 Rxg2+ 38. Ke3 Rxh2 39. Rb6+ Kc8 40.
Rxb5 h3 41. Ng5 Re2+ 42. Kxe2 h2 43. Rc5+ Kb7 44. Rb5+ Ka6 45. Rd5 h1=Q 46. Rd6+ Kb5 47. Nf3 Qg2+ 48. Ke3 Qxb2 49. Rd5+ Ka4 50. Nd2 Qxc3+ 51.
Ke2 Ba2 52. Rd3 Bc4 53. Nxc4 Qxc4 54. Kd2 Qxg4 55. Kc2 Qe4 56. Kc3 Qxd3+ 0-1

[Event "*** Titled Tuesday Blitz"]
[Site "Chess.com"]
[Date "2018.04.03"]
[Round "5"]
[White "RitvarsReimanis"]
[Black "Yaacovn"]
[Result "0-1"]
[WhiteElo "2384"]
[BlackElo "2640"]
[TimeControl "180+2"]
[EndTime "14:07:39 PDT"]
[Termination "Yaacovn won by resignation"]

1. e4 c6 2. c4 d5 3. cxd5 Nf6 4. Nc3 cxd5 5. exd5 Nxd5 6. Bc4 e6 7. Nf3 Be7 8. O-O O-O 9. d4 Nf6 10. d5 exd5 11.
Nxd5 Nxd5 12. Bxd5 Nc6 13. Be3 Bf6 14. Bxc6 bxc6 15.
Qc2 Qd5 16. Rfd1 Bf5 17. Qc1 Qb5 18. Nd4 Bxd4 19. Bxd4 Rfe8 20. Qg5 Bg6 21. Qxb5 cxb5 22.
a3 a5 23. Bc3 Reb8 24. Rd4 b4 25. Bd2 b3 26. Rc1 Bc2 27. Re1 h6 28. f3 a4 29.
Bc3 Rc8 30. Re3 Rc6 31. Rg4 Bg6 32. h4 h5 33. Rb4 Rac8 34. Kf2 Rc4 35. Rxc4 Rxc4 36.
g3 f6 37. Ke2 Bc2 38. Kd2 Rc8 39. Bd4 Rd8 40. Kc3 Bg6 41. Re6 Bf7 42. Ra6 Rc8+ 43. Kd2 Rd8 44. Ke3 Re8+ 45. Kd2 Bd5 46. f4 Rc8 47. Rxa4 Rc2+ 48. Kd3 Rg2 49. Kc3 Rxg3+ 50. Kb4 Rf3 51. Kc5 Bf7 52. Bc3 Rh3 53.
f5 Rf3 54. Ra8+ Kh7 55. Ra7 Rxf5+ 56. Kd6 Kg6 57. a4 Rd5+ 58. Kc6 Rd3 59. Bb4 Rd4 60. Bc3 Rxa4 61. Rxa4 Be8+ 62. Kc5 Bxa4 63. Kb4 Bd7 64. Kxb3 Kf5 65. Kc4 Kg4 66. Be1 g5 67. Kd3 Kf3 68. Bc3 gxh4 69. Bxf6 h3 70. Be5 Kg2 71. Ke3 h2 72. Bxh2 Kxh2 73. Kf2 h4 74. b4 Bc6 0-1

[Event "*** Titled Tuesday Blitz"]
[Site "Chess.com"]
[Date "2018.04.03"]
[Round "5"]
[White "Orest_Vovk"]
[Black "Chesscoach_Golichenko"]
[Result "0-1"]
[WhiteElo "2365"]
[BlackElo "2503"]
[TimeControl "180+2"]
[EndTime "14:07:41 PDT"]
[Termination "Chesscoach_Golichenko won by resignation"]

1. g4 d5 2. h3 c6 3. Bg2 h5 4. g5 e5 5. d4 e4 6. c4 Be7 7. h4 f6 8. Nc3 fxg5 9. cxd5 cxd5 10. Qb3 Nc6 11. Qxd5 Nxd4 12. Bxe4 Be6 13. Bg6+ Kf8 14.
Qxd8+ Rxd8 15. hxg5 Bb4 16. Rh4 Ne7 17. Be4 Nef5 18.
Rh1 Nd6 19. Bg6 Bf5 20. Bxf5 N6xf5 21. Kf1 Kf7 22. Bf4 Kg6 23. e3 Ne6 24. Nf3 Nxf4 25.
exf4 Bd6 26. Ne2 Rhe8 27. Re1 Re4 28. Nh4+ Nxh4 29. Rxh4 Rde8 30. a3 Bc5 31. f5+ Kxg5 32. Rxe4 Rxe4 33. Rc1 b6 34. b4 Bd6 35. Rc6 Be5 36.
Ng3 Bxg3 37. fxg3 Re7 38. f6 gxf6 39. Kf2 Rd7 40. Rc3 Rd2+ 41. Kf3 f5 42. Re3 Ra2 43. Rd3 a5 44. bxa5 bxa5 45. Rc3 a4 46. Rd3 Rb2 47. Rd8 Rb3+ 48. Kg2 Rxa3 49. Kh3 f4 50. Rg8+ Kh6 51. Rh8+ Kg6 52. Rg8+ Kh7 53. Rg5 Rxg3+ 0-1

[Event "*** Titled Tuesday Blitz"]
[Site "Chess.com"]
[Date "2018.04.03"]
[Round "5"]
[White "Abrito99"]
[Black "maximlavrov"]
[Result "0-1"]
[WhiteElo "2441"]
[BlackElo "2392"]
[TimeControl "180+2"]
[EndTime "14:07:41 PDT"]
[Termination "maximlavrov won by resignation"]

1. e4 g6 2. d4 Bg7 3. Nf3 d6 4. h3 Nf6 5. Nc3 O-O 6. Be3 Nc6 7.
Be2 e5 8. dxe5 dxe5 9. O-O Qe7 10. a3 Rd8 11. Qb1 Nd4 12. Re1 b6 13. Bg5 c6 14.
Qc1 h6 15. Bh4 Bb7 16. Nxd4 exd4 17. e5 Qxe5 18. Ba6 Qc7 19. Bxb7 Qxb7 20. Ne4 g5 21. Bg3 c5 22. Nd6 Qd5 23. c4 dxc3 24. Rd1 Qe6 25.
bxc3 Nd5 26. Nb5 a6 27. Re1 Qc6 28. c4 axb5 29. cxd5 Qxd5 30. Rb1 c4 31. Qe3 Bd4 32. Qe2 Rxa3 33. Qg4 Qd7 34. Qxd7 Rxd7 35. Re8+ Kh7 36.
Kh2 Rb3 37. Rbe1 Bf6 38. Rc8 c3 39. Rc6 Kg7 40. h4 gxh4 41. Bf4 b4 42. Re4 Rb2 43.
Be3 h5 44. Re8 b3 45. Rcc8 c2 46. Rh8 Be5+ 47. Kh3 Rb1 48. Kxh4 b2 49. Kg5 f6+ 50. Kf5 c1=Q 51. Rhg8+ Kf7 52. Rgf8+ Ke7 53. Rfe8+ Kd6 54. Re6+ Kd5 55. Bxc1 bxc1=Q 0-1

[Event "*** Titled Tuesday Blitz"]
[Site "Chess.com"]
[Date "2018.04.03"]
[Round "5"]
[White "Kimster98"]
[Black "Kangoroo3000"]
[Result "1-0"]
[WhiteElo "2598"]
[BlackElo "2396"]
[TimeControl "180+2"]
[EndTime "14:07:41 PDT"]
[Termination "Kimster98 won by resignation"]

1. Nf3 Nf6 2. c4 e6 3. Nc3 d5 4.
d4 dxc4 5. e4 Bb4 6. Bxc4 c5 7.
Bg5 cxd4 8. Nxd4 Qa5 9. Bd2 Qc5 10. Bb5+ Bd7 11. Nb3 Qe5 12. f4 Qc7 13. Bd3 Na6 14.
Qe2 Nc5 15. Nxc5 Bxc5 16. e5 Nd5 17. Ne4 Be7 18. O-O Qb6+ 19. Kh1 O-O 20. Qh5 g6 21. Qh6 f5 22. exf6 Nxf6 23. Ng5 Be8 24. Bc3 Rf7 25. Nxf7 Bxf7 26. Qh3 Nd5 27. Be5 Rd8 28. Be4 Ne3 29. Rfe1 Nf5 30. Qc3 Bb4 31. Qb3 Bxe1 32.
Qxb6 axb6 33. Rxe1 Be8 34. Bxb7 Bb5 35. Bf3 Kf7 36. Bc3 Bc4 37. a3 h5 38. g3 h4 39.
g4 Ne7 40. h3 Rd3 41. Kg2 Rd8 42. Kf2 Nd5 43. Rd1 Rc8 44. Be5 Bb3 45. Rd2 Rc1 46. f5 Bc4 47. fxg6+ Kxg6 48. Be4+ Kf7 49. Bg2 Ke7 50.
g5 Kf7 51. Kf3 Kg6 52. Kg4 Ne3+ 53. Kxh4 Nf5+ 54. Kg4 Rg1 55. Kf4 Re1 56. Rf2 Bd3 57. Bc3 Nh4 58. Bxe1 1-0

[Event "*** Titled Tuesday Blitz"]
[Site "Chess.com"]
[Date "2018.04.03"]
[Round "5"]
[White "Aariow"]
[Black "kjzsdu"]
[Result "0-1"]
[WhiteElo "2332"]
[BlackElo "2447"]
[TimeControl "180+2"]
[EndTime "14:07:44 PDT"]
[Termination "kjzsdu won by resignation"]

1. Nf3 Nf6 2. g3 b5 3. Bg2 Bb7 4. Na3 a6 5. c4 b4 6. Nc2 c5 7. O-O e6 8. d4 a5 9. d5 d6 10. dxe6 fxe6 11. Bf4 Nc6 12. Bh3 Qe7 13. Ng5 e5 14. Be3 h6 15. Nf3 g5 16. Bf5 Bg7 17. Bg6+ Kf8 18. Nd2 e4 19. f3 exf3 20. exf3 Ne5 21.
Be4 Nxe4 22. Nxe4 Rd8 23. f4 Bxe4 24. fxe5+ Kg8 25. exd6 Rxd6 26. Qe2 Bd3 27. Qf2 Bxf1 28. Rxf1 Rf6 29. Qg2 Rxf1+ 30. Kxf1 Bxb2 31. Qd5+ Qf7+ 32. Ke2 Qxd5 33. cxd5 c4 34. d6 Kf7 35. Kf3 Ke6 36. Ke4 Kxd6 37. Bb6 Re8+ 38. Kf3 b3 39. axb3 cxb3 40. Ne3 Kc6 41. Bxa5 Bc1 42. Nc4 b2 43. Nxb2 Bxb2 44. Kg4 Re2 45. h3 Kd5 46. Bb4 Re6 47. Bf8 Ke4 48. Kh5 Kf3 49. g4 Kg3 50. Bxh6 Rxh6+ 51. Kxh6 Bc1 52. h4 gxh4+ 53. g5 h3 54. Kh5 Bxg5 55. Kxg5 0-1

[Event "*** Titled Tuesday Blitz"]
[Site "Chess.com"]
[Date "2018.04.03"]
[Round "5"]
[White "GMHess"]
[Black "igorkovalenko"]
[Result "1-0"]
[WhiteElo "2524"]
[BlackElo "2689"]
[TimeControl "180+2"]
[EndTime "14:07:46 PDT"]
[Termination "GMHess won by resignation"]

1. d4 Nf6 2. c4 e6 3. Nc3 Bb4 4.
Qc2 O-O 5. a3 Bxc3+ 6. Qxc3 d5 7.
Nf3 dxc4 8. Qxc4 b6 9. Bg5 Ba6 10. Bxf6 gxf6 11. Qc2 c6 12. g3 Qe7 13. Bg2 Rc8 14. O-O Nd7 15. Nh4 Rc7 16. Rfd1 Rac8 17. Rac1 Bb5 18. e3 a5 19. Qe4 Nf8 20. Rc3 Ng6 21.
Rdc1 f5 22. Nxg6 hxg6 23. Qc2 a4 24. Qd2 c5 25. dxc5 Rxc5 26. Rxc5 Rxc5 27. Rxc5 bxc5 28.
f4 e5 29. Kf2 e4 30. Bf1 Bxf1 31. Kxf1 Qb7 32. Qc3 Qb5+ 33. Ke1 Kh7 34. Kf2 Kg8 35. h3 c4 36. g4 fxg4 37. hxg4 Qd5 38. Kg3 Kh7 39. Qf6 Kg8 40. f5 gxf5 41. gxf5 Qd1 42. Qg5+ Kf8 43. Kf4 Ke8 44. f6 Kd7 45. Qf5+ Kc7 46. Qc5+ Kd7 47. Qe7+ Kc6 48. Qxe4+ Kb5 49.
Qe8+ Kc5 50. Qe7+ Kb5 51. Qb4+ Kc6 52. Qxc4+ Kb7 53. Qxf7+ Ka6 54. Qe6+ Ka5 55. f7 Qf1+ 56.
Ke5 Qf2 57. Qd5+ Kb6 58. f8=Q Qxe3+ 59. Qe4 Qg3+ 60. Qff4 Qg7+ 61. Qf6+ Qxf6+ 62. Kxf6 1-0

[Event "*** Titled Tuesday Blitz"]
[Site "Chess.com"]
[Date "2018.04.03"]
[Round "5"]
[White "toad"]
[Black "DACF2905"]
[Result "1/2-1/2"]
[WhiteElo "2241"]
[BlackElo "2054"]
[TimeControl "180+2"]
[EndTime "14:07:47 PDT"]
[Termination "Game drawn - insufficient material"]

1. d4 Nf6 2. c4 e6 3. g3 c5 4. d5 exd5 5. cxd5 d6 6. Nc3 g6 7. Bg2 Bg7 8. Nf3 O-O 9. O-O a6 10. a4 Nbd7 11. Qc2 Rb8 12. Bf4 Qe7 13. a5 Nh5 14.
Bg5 f6 15. Bd2 f5 16. Rfe1 Nhf6 17. e4 fxe4 18. Nxe4 Nxe4 19. Rxe4 Ne5 20. Nxe5 Bxe5 21. Bc3 Bf5 22. Rae1 Qc7 23. Bxe5 dxe5 24. Qc4 Bxe4 25. d6+ Qf7 26. Qxe4 Qxf2+ 27. Kh1 Qxb2 28. Qxe5 Qxe5 29. Rxe5 Rbd8 30. Rd5 Rf6 31. d7 c4 32. Bh3 c3 33.
Rd1 c2 34. Rc1 Rc6 35. Kg2 Kf7 36. Kf3 h5 37. Ke3 g5 38. Bf5 Kf6 39. g4 hxg4 40.
Bxg4 Rc4 41. h3 Rc5 42. Kd4 Rxa5 43. Rxc2 Ra4+ 44. Ke3 Rxg4 45. hxg4 Rxd7 46. Ke4 Ke6 47. Rh2 Kf6 48. Rh6+ Kg7 49. Rb6 Rf7 50. Ke5 Re7+ 51. Kf5 Rc7 52. Kxg5 Kf8 53. Kf5 Rc5+ 54. Kf4 Rc4+ 55.
Kf5 Rc5+ 56. Kf4 Rb5 57. Rxb5 axb5 58. Ke5 Kg7 59. Kd5 b6 60. Kd4 Kg6 61. Kc3 Kg5 62. Kb4 Kxg4 63. Kxb5 Kf5 64. Kxb6 1/2-1/2

[Event "*** Titled Tuesday Blitz"]
[Site "Chess.com"]
[Date "2018.04.03"]
[Round "5"]
[White "nochewycandy"]
[Black "andante"]
[Result "0-1"]
[WhiteElo "2010"]
[BlackElo "2196"]
[TimeControl "180+2"]
[EndTime "14:07:49 PDT"]
[Termination "andante won by checkmate"]

1. c4 e5 2. g3 Nf6 3. Bg2 Nc6 4.
Nc3 d6 5. e4 Bg4 6. Nge2 Nd4 7.
d3 Qd7 8. h3 Bf3 9. O-O h5 10.
Bg5 Nh7 11. Be3 Nxe2+ 12. Nxe2 Bxg2 13. Kxg2 f5 14. exf5 Qxf5 15. d4 Be7 16. d5 Ng5 17.
Bxg5 Bxg5 18. Nc3 h4 19. Qg4 Qxg4 20. hxg4 Kf7 21. Ne4 Kg6 22. Rh1 Rh7 23. f3 Rah8 24. Nxg5 Kxg5 25. gxh4+ Rxh4 26. Rxh4 Rxh4 27. Kg3 Rh7 28. Re1 Kf6 29. b4 a6 30. c5 g5 31. a4 b6 32. cxd6 cxd6 33. Rc1 Rb7 34. Rc6 Ke7 35. Kf2 Kd7 36. Ke3 a5 37. b5 Rb8 38. Ke4 Rf8 39. Rxb6 Rf4+ 40. Ke3 Rxa4 41. Rb7+ Ke8 42. b6 Rb4 43. Kd3 a4 44. Kc3 Rb1 45. Kc4 a3 46. Ra7 Rxb6 47. Rxa3 Rb1 48. Kd3 Re1 49.
Kd2 Rb1 50. Ra7 Rb5 51. Ke3 Rxd5 52. Ke4 Rd4+ 53. Kf5 Rf4+ 54. Kxg5 Rxf3 55. Kg6 e4 56. g5 e3 57. Kg7 d5 58. g6 d4 59. Kh6 e2 60. g7 Rh3+ 61. Kg5 Rg3+ 62. Kf6 e1=Q 63. Ra8+ Kd7 64. Ra7+ Kd6 65. Ra6+ Kd5 66. g8=Q+ Rxg8 67. Ra5+ Qxa5 68. Kf7 Ra8 69. Kf6 Qb6+ 70. Kf5 Rf8+ 71.
Kg4 Qg6+ 72. Kh4 Rh8# 0-1

[Event "*** Titled Tuesday Blitz"]
[Site "Chess.com"]
[Date "2018.04.03"]
[Round "5"]
[White "GMAkobianSTL"]
[Black "SergeiAza"]
[Result "1-0"]
[WhiteElo "2657"]
[BlackElo "2665"]
[TimeControl "180+2"]
[EndTime "14:07:51 PDT"]
[Termination "GMAkobianSTL won on time"]

1. d4 d5 2. c4 e6 3. Nc3 Be7 4. cxd5 exd5 5. Bf4 c6 6. Qc2 Bd6 7. Bxd6 Qxd6 8. e3 Ne7 9. Bd3 b6 10. Nge2 Ba6 11. O-O Bxd3 12. Qxd3 O-O 13. f3 Nd7 14. e4 dxe4 15. fxe4 c5 16. Nb5 Qh6 17. d5 Ne5 18. Qg3 N7g6 19. Rad1 Qh4 20. Nd6 Qxg3 21. Nxg3 Rad8 22.
Ngf5 Ng4 23. h3 N4e5 24. b3 Rd7 25. a4 Rfd8 26. Nc4 f6 27. Rd2 Nf7 28. Re2 Kf8 29.
g4 h6 30. Kh2 Nge5 31. Kg3 Rb8 32. h4 a6 33. Nxe5 Nxe5 34. g5 hxg5 35. hxg5 b5 36. axb5 Rxb5 37. Re3 Rdb7 38. gxf6 gxf6 39. Nd6 Rxb3 40.
Rxf6+ Ke7 41. Re6+ Kd7 42. Nxb7 Rxe3+ 43. Kf4 Nc4 44.
Nxc5+ Kd8 45. d6 Re1 46. d7 Rf1+ 47. Kg5 Rf8 48. Rxa6 Ke7 49. Re6+ Kd8 50. e5 Ne3 51.
Rc6 Ke7 52. Re6+ Kd8 53. Rd6 Rg8+ 54. Kf4 Ng2+ 55. Ke4 Ke7 56. Nb7 Rg4+ 57. Kf3 1-0

[Event "*** Titled Tuesday Blitz"]
[Site "Chess.com"]
[Date "2018.04.03"]
[Round "5"]
[White "RichardABates"]
[Black "HanSchut"]
[Result "1-0"]
[WhiteElo "2147"]
[BlackElo "2196"]
[TimeControl "180+2"]
[EndTime "14:07:54 PDT"]
[Termination "RichardABates won on time"]

1. d4 Nf6 2. Nf3 g6 3. g3 Bg7 4.
Bg2 d5 5. O-O O-O 6. c4 dxc4 7.
Na3 c3 8. bxc3 c5 9. Re1 cxd4 10. cxd4 Nc6 11. e4 Bg4 12. Bb2 Nd7 13. h3 Bxf3 14.
Bxf3 Nb6 15. e5 e6 16. Rc1 Nd5 17. Nc4 Bh6 18. Rc2 Ncb4 19. Rce2 Nxa2 20. Qb3 Nab4 21. Nd6 b6 22. Ba3 a5 23. Bxb4 Nxb4 24. Bxa8 Qxa8 25. Re4 Bg7 26. h4 Nd5 27. h5 a4 28. Qa3 Qa5 29. Rc1 b5 30. Rc5 Qd2 31. Nxb5 Qd1+ 32. Kg2 Qxh5 33.
Qxa4 Qf5 34. Nd6 Qg5 35. Rc8 f5 36. Rxf8+ Bxf8 37. Qe8 Qe7 38. Qxe7 Bxe7 39. Re2 g5 40. Rc2 Kg7 41. Rc8 f4 42. Kf3 h5 43. Re8 g4+ 44. Ke2 fxg3 45. fxg3 h4 46. gxh4 Bxh4 47. Kf1 g3 48.
Rxe6 g2+ 49. Kg1 Nf4 50. Nf5+ Kf7 51. Ra6 Be1 52. d5 Bb4 53. Rc6 Be1 54. Rc7+ Kg6 55. Nh4+ Kg5 56. Nxg2 1-0